 Dungeon Crawl Stone Soup version 0.31-a0-210-gccc998df9b (webtiles) character file.

Game seed: 14839665647638398642

20632 qw the Marksminotaur (level 12, -13/106 HPs)
             Began as a Minotaur Hexslinger on June 29, 2023.
             Was an Elder of Okawaru.
             Mangled by a death yak (19 damage)
             ... on level 2 of the Lair of Beasts.
             The game lasted 00:05:41 (11504 turns).

qw the Marksminotaur (Minotaur Hexslinger)         Turns: 11504, Time: 00:05:42

Health: -13/106    AC: 12    Str: 14    XL:     12   Next: 47%
Magic:  27/27      EV: 28    Int: 12    God:    Okawaru [****..]
Gold:   955        SH:  0    Dex: 22    Spells: 12/13 levels left

rFire   . . .        Y - +3 orcbow
rCold   . . .        (shield currently unavailable)
rNeg    . . .        o - +2 robe {Will+}
rPois   +            r - +1 hat "Zoxo" {Int+2 Dex+5}
rElec   +            (no cloak)
rCorr   .            i - +2 pair of gloves of Tarhikez {rElec MP+9}
SInv    +            h - +2 pair of boots
Will    +....        d - amulet "Dangiax" {rElec Regen+ SInv}
Stlth   +++          l - +5 ring of evasion
HPRegen 1.17/turn    j - ring of poison resistance
MPRegen 0.20/turn

%: no passive effects
@: about to teleport, heroic
A: horns 2, retaliatory headbutt
a: Renounce Religion, Heroism, Finesse


You were on level 2 of the Lair of Beasts.
You worshipped Okawaru.
Okawaru was greatly pleased with you.
You visited 2 branches of the dungeon, and saw 13 of its levels.

You collected 955 gold pieces.


Innate Abilities, Weirdness & Mutations

You have a pair of horns on your head.
You reflexively headbutt those who attack you in melee.


   Skills:
 - Level 10.0(15.0) Fighting
 - Level 15.5(20.5) Ranged Weapons
 - Level 3.3(8.3) Armour
 + Level 8.9(13.9) Dodging
 - Level 1.0 Spellcasting
 - Level 2.0 Hexes
 - Level 10.0 Invocations


You had 12 spell levels left.
You knew the following spells:

 Your Spells              Type           Power      Damage    Failure   Level
a - Slow                  Hex            20%        N/A       13%         1

Your spell library contained the following spells:

 Spells                   Type           Power      Damage    Failure   Level
 Inner Flame              Hex/Fire       3%         N/A       52%         3
 Portal Projectile        Hex/Tloc       6%         N/A       52%         3
 Cause Fear               Hex            2%         N/A       78%         4

Inventory:

Hand Weapons
 Y - a +3 orcbow (weapon)
Armour
 a - a +0 cloak
 h - a +2 pair of boots (worn)
 i - the +2 pair of gloves of Tarhikez (worn) {rElec MP+9}
   (You found it on level 6 of the Dungeon)

   rElec:     It insulates you from electricity.
   MP:        It affects your magic capacity (+9).
 m - the +0 ring mail of the Monkey's Uncle {rElec Int-3 Slay+2}
   (You found it on level 2 of the Dungeon)

   Int:       It affects your intelligence (-3).
   Slay:      It affects your accuracy & damage with ranged weapons and melee
   (+2).
   rElec:     It insulates you from electricity.
 o - a +2 robe of willpower (worn)
 q - +0 acid dragon scales
 r - the +1 hat "Zoxo" (worn) {Int+2 Dex+5}
   (Okawaru gifted it to you on level 1 of the Lair of Beasts)

   Int:       It affects your intelligence (+2).
   Dex:       It affects your dexterity (+5).
Jewellery
 b - a +4 ring of protection
 d - the amulet "Dangiax" (around neck) {rElec Regen+ SInv}
   (You found it on level 8 of the Dungeon)

   [amulet of regeneration]

   rElec:     It insulates you from electricity.
   SInv:      It lets you see invisible.
   Regen:     It increases your rate of health regeneration.
 j - a ring of poison resistance (right hand)
 l - a +5 ring of evasion (left hand)
 p - a ring of fire
Wands
 t - a wand of digging (5)
Scrolls
 f - a scroll of identify
 g - a scroll of teleportation
Potions
 c - a potion of magic
 e - a potion of might
 k - a potion of mutation
 n - a potion of curing
 s - a potion of enlightenment {unknown}

Dungeon Overview and Level Annotations

Branches:
Dungeon (11/15)            Temple (0/1) D:5            Lair (2/5) D:11
    Orc (0/2) D:11
  Swamp: Lair:2-3    Shoals: Lair:2-3     Snake: Lair:2-3    Spider: Lair:2-3

Altars:
Ashenzari
Cheibriados
Elyvilon
Fedhas
Kikubaaqudgha
Makhleb
Okawaru
Qazlal
Ru
Sif Muna
Uskayaw
Wu Jian
Xom
Zin
The Shining One

Portals:
Abyss: Lair:1

Annotations:
D:4 1 runed translucent door, Crazy Yiuf
D:6 3 runed translucent doors, qw's ghost, novice GrFi
Lair:1 2 transporters, qw's ghost, novice GrFi


Message History

The death yak gores you! x2
You shoot an arrow. The arrow hits the death yak.
The death yak is heavily wounded.
The death yak closely misses you. The death yak completely misses you.
The death yak misses you. x2
You shoot an arrow.
The arrow hits the death yak but does no damage.
The death yak is heavily wounded.
You shoot an arrow. The arrow hits the death yak!
The death yak is severely wounded.
The death yak gores you! The death yak barely misses you.
The death yak completely misses you. The death yak misses you.
You furiously retaliate!
You headbutt the death yak. You shoot an arrow. The arrow hits the death yak.
The death yak is severely wounded.
The death yak barely misses you. The death yak gores you!!
The death yak gores you but does no damage.
The death yak completely misses you.
You shoot an arrow.
The arrow hits the death yak but does no damage.
The death yak is severely wounded.
You shoot an arrow.
The arrow hits the death yak but does no damage.
The death yak is severely wounded.
The death yak completely misses you. You furiously retaliate!
You headbutt the death yak. The death yak completely misses you.
You furiously retaliate!
You headbutt the death yak! The death yak misses you. The death yak gores you.
You shoot an arrow. The arrow hits the death yak.
The death yak is severely wounded.
The death yak completely misses you. x2; You furiously retaliate!
You headbutt the death yak! The death yak gores you! x2
11504 ||| READING 2 scrolls of teleportation.
As you read the scroll of teleportation, it crumbles to dust.
You feel strangely unstable. The death yak completely misses you.
You furiously retaliate!
You headbutt the death yak. The death yak completely misses you.
The death yak misses you. You furiously retaliate!
You headbutt the death yak! The death yak gores you!!
You die...

#..P####...# ##...#
#<.....[%..########....##
#...........##.#.##.....#..
#..........[..........).....
##................P.P##......
......#########..#..........#
##...## #...............
##....# ##..#..........#
#....## #Y@Y..)........
##....# #YY#.....#... #...##
#..#..[[..... #....# #..#
....P ##....# #..+ ....#
#P...## .... .... #....# P..#
...# .#...# ## ##...
#....#..##


You could see 4 death yaks.

Vanquished Creatures
  Josephine (D:11)
  A catoblepas (Lair:2)
  2 death yaks (Lair:2)
  A two-headed ogre (D:10)
  Erica (D:8)
  2 cyclopes (D:11)
  A black mamba (Lair:1)
  Maggie (D:8)
  A gargoyle (D:11)
  2 cane toads (Lair:1)
  2 rime drakes
  2 komodo dragons (Lair:2)
  An unseen horror (D:11)
  2 polar bears
  A troll (D:11)
  Grinder (D:1)
  5 blink frogs (Lair:1)
  A vampire (D:9)
  A shadow (D:11)
  3 wyverns
  31 yaks
  5 wraiths (D:11)
  2 steam dragons
  Eustachio (D:6)
  2 basilisks (Lair:1)
  3 acid dragons
  Duvessa (D:7)
  2 water moccasins
  2 black bears
  3 orc warriors
  2 sky beasts (D:6)
  2 ice beasts (D:11)
  An ogre (D:6)
  2 wolves (D:11)
  3 centaurs
  4 phantoms
  3 kobold brigands
  8 bullfrogs
  4 scorpions
  12 wights
  Dowan (D:7)
  4 killer bees (D:9)
  An electric eel (Lair:1)
  3 howler monkeys
  A gnoll bouda (D:8)
  7 orc priests
  4 hounds (D:5)
  2 sleepcaps
  Jessica (D:2)
  4 iguanas
  10 orc wizards
  Robin (D:2)
  5 gnolls (D:8)
  9 adders
  A river rat (D:5)
  4 shadow imps (D:7)
  2 white imps (D:7)
  2 dart slugs
  39 orcs
  8 bats
  3 endoplasms
  4 giant cockroaches
  17 goblins
  14 hobgoblins
  2 jackals (D:5)
  4 quokkas
  3 ball pythons
  A frilled lizard (D:1)
  17 kobolds
  7 rats
306 creatures vanquished.

Notes
Turn   | Place    | Note
-------+----------+-------------------------------------------
     0 | D:1      | qw the Minotaur Hexslinger began the quest for the Orb.
     0 | D:1      | Reached XP level 1. HP: 16/16 MP: 1/1
     0 | D:1      | 0 ||| qw: Version: 0.3-a-24-ga2abf7b
     0 | D:1      | 0 ||| qw: Game counter: 7010
     0 | D:1      | 0 ||| qw: Melee chars always use a shield: true
     0 | D:1      | 0 ||| qw: God list: Okawaru
     0 | D:1      | 0 ||| qw: Allow faded altars: false
     0 | D:1      | 0 ||| qw: Do Orc after clearing Dungeon:15 true
     0 | D:1      | 0 ||| qw: Do second Lair branch before Depths: true
     0 | D:1      | 0 ||| qw: Lair rune preference: random
     0 | D:1      | 0 ||| qw: Goals: Normal
     0 | D:1      | 0 ||| PLANNING D:1-11
   182 | D:1      | Reached skill level 3 in Ranged Weapons
   182 | D:1      | Reached XP level 2. HP: 23/23 MP: 2/2
   415 | D:1      | Reached XP level 3. HP: 18/29 MP: 3/3
   573 | D:1      | 573 ||| UPGRADING to +0 leather armour.
   583 | D:1      | 583 ||| DROPPING +0 robe.
   584 | D:1      | 584 ||| READING scroll labelled NEIKINGEPT.
   585 | D:1      | 585 ||| READING 2 scrolls labelled EKEDAO DETOXA.
   586 | D:1      | 586 ||| READING scroll labelled FUTEUTTALIS.
   587 | D:1      | 587 ||| DRINKING 2 yellow potions.
   588 | D:1      | 588 ||| DROPPING scroll of poison.
   589 | D:1      | 589 ||| DROPPING potion of degeneration.
   636 | D:2      | 636 ||| FLEEEEING.
   965 | D:2      | Noticed Jessica
   971 | D:2      | Killed Jessica
   972 | D:2      | Reached skill level 4 in Ranged Weapons
   972 | D:2      | Reached XP level 4. HP: 30/36 MP: 4/4
  1088 | D:2      | Identified the +0 ring mail of the Monkey's Uncle {rElec
                  | Int-3 Slay+2}
  1134 | D:2      | Identified the +5 dagger "Efisu" {heavy, *Corrode +Blink
                  | SInv}
  1192 | D:2      | 1192 ||| UPGRADING to +0 ring mail of the Monkey's Uncle
                  | {rElec Int-3 Slay+2}.
  1202 | D:2      | 1202 ||| DROPPING +0 leather armour.
  1203 | D:2      | 1203 ||| UPGRADING to ring of poison resistance.
  1204 | D:2      | 1204 ||| DROPPING ring of poison resistance.
  1205 | D:2      | 1205 ||| UPGRADING to ring of see invisible.
  1206 | D:2      | 1206 ||| UPGRADING to +5 ring of evasion.
  1208 | D:2      | 1208 ||| UPGRADING to ring of poison resistance.
  1210 | D:2      | 1210 ||| READING scroll labelled GAUXTA ZOTZ.
  1214 | D:2      | 1214 ||| READING scroll labelled FOFUKK OCSIGRO.
  1215 | D:2      | 1215 ||| READING 3 scrolls of identify.
  1215 | D:2      | 1215 ||| IDENTIFYING coppery potion
  1216 | D:2      | 1216 ||| READING 2 scrolls of identify.
  1216 | D:2      | 1216 ||| IDENTIFYING brown potion
  1217 | D:2      | 1217 ||| DROPPING potion of brilliance.
  1241 | D:3      | Noticed Robin
  1245 | D:3      | 1245 ||| STAIRDANCE
  1247 | D:2      | HP: 9/36 [orc priest/divine providence (10)]
  1248 | D:2      | 1248 ||| DRINKING potion of heal wounds.
  1258 | D:2      | Reached skill level 5 in Ranged Weapons
  1331 | D:3      | Noticed Grinder
  1332 | D:3      | 1332 ||| STAIRDANCE
  1336 | D:2      | Reached XP level 5. HP: 25/41 MP: 5/5
  1419 | D:3      | 1419 ||| STAIRDANCE
  1425 | D:2      | Killed Robin
  1546 | D:3      | 1546 ||| STAIRDANCE
  1546 | D:3      | Paralysed by Grinder for 4 turns
  1550 | D:3      | 1550 ||| STAIRDANCE
  1596 | D:3      | 1596 ||| FLEEEEING.
  1597 | D:3      | 1597 ||| FLEEEEING.
  1598 | D:3      | 1598 ||| FLEEEEING.
  1599 | D:3      | 1599 ||| FLEEEEING.
  1600 | D:3      | 1600 ||| STAIRDANCE
  1639 | D:3      | 1639 ||| STAIRDANCE
  1643 | D:2      | Paralysed by Grinder for 4 turns
  1648 | D:2      | 1648 ||| FLEEEEING.
  1649 | D:2      | 1649 ||| FLEEEEING.
  1650 | D:2      | 1650 ||| FLEEEEING.
  1651 | D:2      | 1651 ||| FLEEEEING.
  1652 | D:2      | 1652 ||| FLEEEEING.
  1664 | D:2      | 1664 ||| FLEEEEING.
  1665 | D:2      | 1665 ||| FLEEEEING.
  1666 | D:2      | 1666 ||| FLEEEEING.
  1667 | D:2      | 1667 ||| FLEEEEING.
  1668 | D:2      | 1668 ||| FLEEEEING.
  1669 | D:2      | 1669 ||| FLEEEEING.
  1670 | D:2      | 1670 ||| FLEEEEING.
  1671 | D:2      | 1671 ||| FLEEEEING.
  1672 | D:2      | 1672 ||| FLEEEEING.
  1673 | D:2      | 1673 ||| FLEEEEING.
  1674 | D:2      | 1674 ||| FLEEEEING.
  1675 | D:2      | 1675 ||| FLEEEEING.
  1676 | D:2      | 1676 ||| FLEEEEING.
  1695 | D:2      | 1695 ||| FLEEEEING.
  1696 | D:2      | 1696 ||| STAIRDANCE
  1696 | D:2      | Paralysed by Grinder for 3 turns
  1699 | D:2      | 1699 ||| STAIRDANCE
  1743 | D:2      | 1743 ||| STAIRDANCE
  1745 | D:1      | 1745 ||| FLEEEEING.
  1746 | D:1      | 1746 ||| FLEEEEING.
  1750 | D:1      | 1750 ||| FLEEEEING.
  1751 | D:1      | 1751 ||| FLEEEEING.
  1752 | D:1      | 1752 ||| FLEEEEING.
  1753 | D:1      | 1753 ||| FLEEEEING.
  1754 | D:1      | 1754 ||| FLEEEEING.
  1755 | D:1      | 1755 ||| FLEEEEING.
  1756 | D:1      | 1756 ||| FLEEEEING.
  1768 | D:1      | Killed Grinder
  1769 | D:1      | Reached XP level 6. HP: 56/56 MP: 6/6
  2088 | D:3      | Found an iron altar of Okawaru.
  2089 | D:3      | 2089 ||| PLANNING OKAWARU WORSHIP
  2089 | D:3      | 2089 ||| UPGRADING to +0 pair of boots.
  2094 | D:3      | 2094 ||| READING scroll labelled IPRIMA MOSOMU.
  2095 | D:3      | 2095 ||| READING scroll labelled ATAUCSYULUK.
  2096 | D:3      | 2096 ||| READING scroll labelled MEUDUM ISTROC.
  2097 | D:3      | 2097 ||| DRINKING 2 fizzy red potions.
  2098 | D:3      | 2098 ||| READING 3 scrolls of identify.
  2098 | D:3      | 2098 ||| IDENTIFYING red potion
  2099 | D:3      | 2099 ||| READING 2 scrolls of identify.
  2099 | D:3      | 2099 ||| IDENTIFYING pink potion
  2100 | D:3      | 2100 ||| DROPPING potion of berserk rage.
  2101 | D:3      | 2101 ||| DROPPING potion of lignification.
  2106 | D:3      | Became a worshipper of Warmaster Okawaru
  2107 | D:3      | 2107 ||| PLANNING D:1-11
  2111 | D:3      | 2111 ||| READING scroll labelled AFUSHR PARYLOPS.
  2158 | D:4      | Reached skill level 6 in Ranged Weapons
  2159 | D:4      | HP: 12/56 [orc/+0 flail (6)]
  2160 | D:4      | 2160 ||| DRINKING 3 potions of heal wounds.
  2161 | D:4      | Reached XP level 7. HP: 36/61 MP: 7/7
  2163 | D:4      | 2163 ||| DRINKING 2 potions of heal wounds.
  2167 | D:4      | HP: 5/61 [sleepcap (20)]
  2168 | D:4      | 2168 ||| DRINKING potion of heal wounds.
  2173 | D:4      | HP: 11/61 [sleepcap (11)]
  2397 | D:4      | 2397 ||| DRINKING 2 potions of curing.
  2397 | D:4      | 2397 ||| (to cure confusion)
  2399 | D:4      | 2399 ||| DRINKING potion of curing.
  2399 | D:4      | 2399 ||| (to cure confusion)
  2754 | D:4      | Found a runed translucent door.
  2755 | D:4      | Noticed Crazy Yiuf
  2758 | D:4      | 2758 ||| UPGRADING to +2 hat.
  2763 | D:4      | 2763 ||| DROPPING ring of wizardry.
  2783 | D:5      | Entered Level 5 of the Dungeon
  2783 | D:5      | Found a staircase to the Ecumenical Temple.
  2784 | D:5      | 2784 ||| PLANNING SEWER
  2787 | D:5      | Noticed a steam dragon
  2792 | D:5      | Reached skill level 7 in Ranged Weapons
  2805 | D:5      | Killed a steam dragon
  2805 | D:5      | Reached * piety under Okawaru
  2806 | D:5      | 2806 ||| INVOKING Heroism.
  2810 | D:5      | Reached skill level 8 in Ranged Weapons
  2810 | D:5      | Reached skill level 1 in Invocations
  2812 | D:5      | 2812 ||| FLEEEEING.
  2813 | D:5      | 2813 ||| FLEEEEING.
  2814 | D:5      | 2814 ||| FLEEEEING.
  2815 | D:5      | 2815 ||| STAIRDANCE
  3110 | D:5      | Found a stormy altar of Qazlal.
  3152 | D:5      | 3152 ||| INVOKING Heroism.
  3358 | D:5      | Reached XP level 8. HP: 45/68 MP: 8/8
  3358 | D:5      | 3358 ||| INVOKING Heroism.
  3424 | D:5      | 3424 ||| RIP SEWER
  3449 | D:5      | 3449 ||| PLANNING D:1-11
  3581 | D:5      | Reached skill level 3 in Invocations
  3646 | D:5      | Reached skill level 9 in Ranged Weapons
  3837 | D:5      | Reached skill level 6 in Fighting
  3955 | D:5      | Found a glowing silver altar of Zin.
  4058 | D:6      | 4058 ||| INVOKING Heroism.
  4065 | D:6      | Reached skill level 3 in Dodging
  4126 | D:6      | Noticed Eustachio
  4127 | D:6      | 4127 ||| INVOKING Heroism.
  4140 | D:6      | Killed Eustachio
  4187 | D:6      | Identified the +2 pair of gloves of Tarhikez {rElec MP+9}
  4197 | D:6      | Found a runed translucent gate.
  4199 | D:6      | 4199 ||| INVOKING Heroism.
  4212 | D:6      | Reached skill level 10 in Ranged Weapons
  4219 | D:6      | Reached XP level 9. HP: 47/78 MP: 11/11
  4313 | D:6      | Found a runed translucent gate.
  4313 | D:6      | Found a runed translucent gate.
  4318 | D:6      | 4318 ||| Stepping ~*~*~tactically~*~*~ (outnumbered).
  4320 | D:6      | 4320 ||| Stepping ~*~*~tactically~*~*~ (outnumbered).
  4326 | D:6      | 4326 ||| DRINKING potion of curing.
  4326 | D:6      | 4326 ||| (to cure confusion)
  4374 | D:6      | 4374 ||| READING scroll of enchant armour.
  4374 | D:6      | 4374 ||| ENCHANTING +0 pair of boots.
  4405 | D:6      | Reached ** piety under Okawaru
  4495 | D:6      | Noticed qw's ghost (novice GrFi)
  4591 | D:6      | 4591 ||| READING scroll of enchant weapon.
  4591 | D:6      | 4591 ||| ENCHANTING +2 sling.
  4905 | D:6      | 4905 ||| INVOKING Heroism.
  4913 | D:6      | HP: 12/75 [wight/+2 spear of freezing (9)]
  4914 | D:6      | 4914 ||| READING 2 scrolls of teleportation.
  5438 | D:6      | 5438 ||| UPGRADING to +1 pair of gloves.
  5443 | D:6      | 5443 ||| UPGRADING to +2 pair of gloves of Tarhikez {rElec
                  | MP+9}.
  5506 | D:6      | 5506 ||| DROPPING +1 pair of gloves.
  5507 | D:6      | 5507 ||| READING scroll labelled MIRAUDD PUVO.
  5508 | D:6      | 5508 ||| READING 2 scrolls of identify.
  5508 | D:6      | 5508 ||| IDENTIFYING amethyst potion
  5631 | D:7      | Reached skill level 3 in Armour
  5687 | D:7      | 5687 ||| SWAPPING to +0 orcbow.
  5688 | D:7      | 5688 ||| DROPPING +3 sling.
  5722 | D:7      | Noticed Duvessa
  5722 | D:7      | Noticed Dowan
  5723 | D:7      | 5723 ||| INVOKING Heroism.
  5732 | D:7      | Killed Dowan
  5740 | D:7      | Killed Duvessa
  5741 | D:7      | Reached skill level 11 in Ranged Weapons
  5911 | D:7      | 5911 ||| INVOKING Heroism.
  6545 | D:7      | 6545 ||| UPGRADING to +2 robe of willpower.
  6555 | D:7      | 6555 ||| DROPPING ring of see invisible.
  6556 | D:7      | 6556 ||| READING scroll labelled MAIWAA MUWNASTRI.
  6557 | D:7      | 6557 ||| READING 2 scrolls of identify.
  6557 | D:7      | 6557 ||| IDENTIFYING puce potion
  6600 | D:8      | 6600 ||| INVOKING Heroism.
  6708 | D:8      | 6708 ||| READING 2 scrolls of enchant weapon.
  6708 | D:8      | 6708 ||| ENCHANTING +0 orcbow.
  6709 | D:8      | 6709 ||| READING scroll of enchant weapon.
  6709 | D:8      | 6709 ||| ENCHANTING +1 orcbow.
  6789 | D:8      | Found a broken altar of Ashenzari.
  6805 | D:8      | 6805 ||| INVOKING Heroism.
  6929 | D:8      | Noticed Erica
  6930 | D:8      | 6930 ||| INVOKING Heroism.
  6949 | D:8      | Killed Erica
  6950 | D:8      | Reached skill level 12 in Ranged Weapons
  6950 | D:8      | Reached XP level 10. HP: 74/86 MP: 12/12
  6998 | D:8      | Identified the amulet "Dangiax" {rElec Regen+ SInv}
  7223 | D:8      | Found a shimmering blue altar of Sif Muna.
  7275 | D:8      | 7275 ||| READING scroll of enchant armour.
  7275 | D:8      | 7275 ||| ENCHANTING +1 pair of boots.
  7457 | D:8      | Found a shimmering altar of Xom.
  7458 | D:8      | Found a snail-covered altar of Cheibriados.
  7589 | D:8      | Noticed Maggie
  7606 | D:8      | Killed Maggie
  7606 | D:8      | Reached *** piety under Okawaru
  7812 | D:8      | 7812 ||| UPGRADING to amulet "Dangiax" {rElec Regen+ SInv}.
  7817 | D:8      | 7817 ||| READING 3 scrolls of identify.
  7817 | D:8      | 7817 ||| IDENTIFYING fizzy dark potion
  7818 | D:8      | 7818 ||| READING 2 scrolls of identify.
  7818 | D:8      | 7818 ||| IDENTIFYING smoky dark potion
  7819 | D:8      | 7819 ||| DROPPING potion of attraction.
  7942 | D:9      | Reached skill level 13 in Ranged Weapons
  8194 | D:9      | 8194 ||| INVOKING Heroism.
  8206 | D:9      | 8206 ||| READING 2 scrolls of teleportation.
  8206 | D:9      | HP: 16/90 [yak (10)]
  8308 | D:9      | Reached skill level 9 in Fighting
  8338 | D:9      | Found an ornate altar of the Wu Jian Council.
  8406 | D:9      | Reached skill level 6 in Dodging
  8463 | D:9      | 8463 ||| INVOKING Heroism.
  8604 | D:9      | Reached **** piety under Okawaru
  8655 | D:9      | Found a glowing golden altar of the Shining One.
  8660 | D:9      | Found a hide-covered altar of Uskayaw.
  8694 | D:9      | 8694 ||| DROPPING amulet of guardian spirit.
  8695 | D:9      | 8695 ||| READING scroll labelled HIDUOCS GUQUIS.
  8696 | D:9      | 8696 ||| DRINKING 2 silvery potions.
  8697 | D:9      | 8697 ||| READING 2 scrolls of identify.
  8697 | D:9      | 8697 ||| IDENTIFYING smoky pink potion
  8698 | D:9      | 8698 ||| DROPPING potion of invisibility.
  8699 | D:9      | 8699 ||| DROPPING potion of ambrosia.
  8709 | D:10     | Entered Level 10 of the Dungeon
  8763 | D:10     | 8763 ||| READING scroll of enchant weapon.
  8763 | D:10     | 8763 ||| ENCHANTING +2 orcbow.
  8779 | D:10     | Found a white marble altar of Elyvilon.
  8785 | D:10     | 8785 ||| Stepping ~*~*~tactically~*~*~ (outnumbered).
  8795 | D:10     | 8795 ||| Stepping ~*~*~tactically~*~*~ (outnumbered).
  8857 | D:10     | Found a burning altar of Makhleb.
  8993 | D:10     | 8993 ||| INVOKING Heroism.
  9002 | D:10     | Reached skill level 14 in Ranged Weapons
  9004 | D:10     | Reached XP level 11. HP: 53/97 MP: 14/14
  9007 | D:10     | Received a gift from Okawaru
  9088 | D:10     | Found a blossoming altar of Fedhas.
  9173 | D:10     | Reached skill level 6 in Invocations
  9202 | D:10     | Found an ancient bone altar of Kikubaaqudgha.
  9289 | D:10     | Noticed a two-headed ogre
  9290 | D:10     | 9290 ||| INVOKING Heroism.
  9295 | D:10     | Killed a two-headed ogre
  9320 | D:10     | Reached ***** piety under Okawaru
  9380 | D:10     | 9380 ||| INVOKING Heroism.
  9437 | D:10     | Found a sacrificial altar of Ru.
  9529 | D:10     | 9529 ||| Stepping ~*~*~tactically~*~*~ (water).
  9579 | D:10     | 9579 ||| READING scroll labelled ECHUOH HUUNO.
  9599 | D:11     | 9599 ||| INVOKING Heroism.
  9651 | D:11     | 9651 ||| INVOKING Heroism.
  9672 | D:11     | Received a gift from Okawaru
  9692 | D:11     | Found a staircase to the Lair.
  9736 | D:11     | Found a staircase to the Orcish Mines.
  9831 | D:11     | 9831 ||| INVOKING Heroism.
 10075 | D:11     | Noticed Josephine
 10088 | D:11     | Killed Josephine
 10103 | D:11     | Reached skill level 15 in Ranged Weapons
 10327 | D:11     | 10327 ||| INVOKING Heroism.
 10391 | D:11     | 10391 ||| PLANNING LAIR
 10410 | Lair:1   | Entered Level 1 of the Lair of Beasts
 10411 | Lair:1   | 10411 ||| INVOKING Heroism.
 10442 | Lair:1   | Identified the +1 hat "Zoxo" {Int+2 Dex+5} (Okawaru gifted
                  | it to you on level 1 of the Lair of Beasts)
 10442 | Lair:1   | Received a gift from Okawaru
 10452 | Lair:1   | Reached skill level 9 in Invocations
 10541 | Lair:1   | 10541 ||| INVOKING Heroism.
 10551 | Lair:1   | Reached XP level 12. HP: 100/106 MP: 17/17
 10585 | Lair:1   | Found a one-way gate to the infinite horrors of the Abyss.
 10585 | Lair:1   | Found the +8 demon trident "Rift" {distort, reach+}
 10632 | Lair:1   | Found a transporter.
 10673 | Lair:1   | Found a transporter.
 10715 | Lair:1   | 10715 ||| Stepping ~*~*~tactically~*~*~ (water).
 11137 | Lair:1   | Noticed qw's ghost (novice GrFi)
 11139 | Lair:1   | Noticed a hell hog
 11208 | Lair:1   | 11208 ||| UPGRADING to +1 hat "Zoxo" {Int+2 Dex+5}.
 11218 | Lair:1   | 11218 ||| DROPPING +2 hat.
 11320 | Lair:2   | Noticed a catoblepas
 11321 | Lair:2   | 11321 ||| INVOKING Heroism.
 11322 | Lair:2   | 11322 ||| INVOKING Finesse.
 11323 | Lair:2   | 11323 ||| Stepping ~*~*~tactically~*~*~ (cloud).
 11334 | Lair:2   | 11334 ||| Stepping ~*~*~tactically~*~*~ (cloud).
 11335 | Lair:2   | Killed a catoblepas
 11389 | Lair:2   | 11389 ||| INVOKING Heroism.
 11471 | Lair:2   | Noticed a death yak
 11471 | Lair:2   | Noticed a death yak
 11472 | Lair:2   | 11472 ||| INVOKING Heroism.
 11484 | Lair:2   | Noticed a death yak
 11486 | Lair:2   | Noticed a death yak
 11486 | Lair:2   | Noticed a death yak
 11487 | Lair:2   | Killed a death yak
 11490 | Lair:2   | Noticed a death yak
 11492 | Lair:2   | Killed a death yak
 11503 | Lair:2   | HP: 16/106 [death yak (17)]
 11503 | Lair:2   | HP: 5/106 [death yak (11)]
 11504 | Lair:2   | 11504 ||| READING 2 scrolls of teleportation.
 11504 | Lair:2   | Mangled by a death yak

Levels and vault maps discovered:
D:1:      denvon_arrival_planthouse, layout_rooms, serial_bayou_pond_b,
          corexii_corridor_pit
D:2:      layout_basic, uniq_jessica
D:3:      layout_rooms, hellmonk_okawaru_the_only_friend_you_need, uniq_robin,
          uniq_grinder
D:4:      layout_rooms, uniq_crazy_yiuf_cottage
D:5:      layout_basic, mainiacjoe_overflow_chevrons, zin_statuary,
          minmay_temple_entry_glass, gup_sewer_entry_bubbles,
          due_unseen_surprise
D:6:      layout_basic, ebering_ghost_rock_garden, uniq_eustachio
D:7:      layout_gridville, serial_demonic, serial_demonic_c, serial_demonic_c,
          serial_demonic_a, serial_demonic_f, uniq_duvessa
D:8:      layout_basic, lemuel_tele_altar, nicolae_ashenzari_panopticon,
          gammafunk_temple_overflow_statue, serial_corexii_hall,
          corexii_hall_statues_l, corexii_hall_statues_deadend,
          minmay_misc_feat_nine_boxes, uniq_erica, uniq_maggie
D:9:      layout_long_grid, nzn_wu_jian_contemplation, minitemple
D:10:     layout_long_grid, nicolae_kikubaaqudgha_miasma_corner, fedhas_altar_3,
          elyvilon_altar_4, mainiacjoe_overflow_catwalk,
          mainiacjoe_overflow_paths, enter_bailey_4, skrybe_limestone_x
D:11:     layout_loops_cross, hellmonk_lair_entry_icy, uniq_josephine
Lair:1:   layout_gridlike, gammafunk_ghost_abyssal_escape, serial_bayou_ford_a,
          lemuel_fruit_fields
Lair:2:   layout_chaotic_city, minmay_shoals_entry_lonely_mermaid,
          nicolae_snake_entry_squirm, grunt_forest_large_clearing_hut

Skill      XL: |  1  2  3  4  5  6  7  8  9 10 11 12 |
---------------+-------------------------------------+-----
Ranged Weapons | 3 4 5 6 8 10 12 14 15 | 15.5
Fighting       | 2 5 6 7 9 10 | 10.0
Armour         | 2 3 |  3.3
Invocations    | 2 4 5 9 10 | 10.0
Dodging        | 3 5 6 7 8 |  8.9
Spellcasting   | |  1.0
Hexes          | |  2.0

Action                     |  1- 3 |  4- 6 |  7- 9 | 10-12 || total
---------------------------+-------+-------+-------+-------++-------
  Melee: Unarmed           |       |    10 |       |       ||    10
   Fire: Sling             |    96 |    73 |   304 |       ||   473
         Orcbow            |       |       |   142 |   695 ||   837
 Invoke: Heroism           |       |       |    12 |    14 ||    26
         Finesse           |       |       |       |     1 ||     1
    Use: Scroll            |     3 |    10 |     9 |     9 ||    31
         Potion            |     1 |     3 |     5 |     1 ||    10
 Armour: Robe              |     8 |       |     7 |    44 ||    59
         Leather armour    |     2 |       |       |       ||     2
         Ring mail         |       |    20 |    68 |       ||    88
         Skin              |       |     1 |       |       ||     1
  Dodge: Dodged            |    16 |    88 |   224 |   346 ||   674

Table legend:
 A = Non-vault XP
 B = Vault XP
 C = Vault XP percentage of total XP
 D = Non-vault monster count
 E = Vault monster count
 F = Vault count percentage of total count
                 A         B        C        D         E       F
            +---------+---------+-------+---------+---------+-------
      Total |   24450 |    5025 |  17.0 |     257 |      49 |  16.0
            +---------+---------+-------+---------+---------+-------
        D:1 |      43 |     286 |  86.9 |      27 |       5 |  15.6
        D:2 |     103 |      68 |  39.8 |      10 |      10 |  50.0
        D:3 |       6 |       4 |  40.0 |       3 |       2 |  40.0
        D:4 |     389 |       0 |   0.0 |      24 |       0 |   0.0
        D:5 |    1145 |      42 |   3.5 |      27 |       5 |  15.6
        D:6 |    1276 |     188 |  12.8 |      20 |       1 |   4.8
        D:7 |     503 |     267 |  34.7 |      11 |       7 |  38.9
        D:8 |     942 |    1214 |  56.3 |      24 |       2 |   7.7
        D:9 |    3180 |       0 |   0.0 |      34 |       0 |   0.0
       D:10 |    4697 |      14 |   0.3 |      31 |       6 |  16.2
       D:11 |    3020 |    2942 |  49.3 |      14 |      11 |  44.0
     Lair:1 |    4931 |       0 |   0.0 |      21 |       0 |   0.0
     Lair:2 |    4215 |       0 |   0.0 |      11 |       0 |   0.0
            +---------+---------+-------+---------+---------+-------
